 Dungeon Crawl Stone Soup version 0.28-a0-969-g2dcde036d2 (webtiles) character file.

Game seed: 17859725374235958142

210 BinkBink the Skirmisher (level 5, 0/48 HPs)
             Began as a Minotaur Monk on Dec 1, 2021.
             Slain by an ice beast (7 damage)
             ... on level 6 of the Dungeon.
             The game lasted 00:05:21 (2082 turns).

BinkBink the Skirmisher (Minotaur Monk)             Turns: 2082, Time: 00:05:21

Health: 0/48       AC:  2    Str: 22    XL:     5   Next: 56%
Magic:  4/4        EV: 13    Int:  7    God:
Gold:   85         SH:  0    Dex: 14    Spells: 4/4 levels left

rFire   . . .      SeeInvis .   e - +3 dagger (venom)
rCold   . . .      Faith    .   (no shield)
rNeg    . . .      Spirit   .   b - +0 robe
rPois   .          Reflect  .   (helmet restricted)
rElec   .          Harm     .   (no cloak)
rCorr   .          Rampage  .   (no gloves)
Will    .....                   (no boots)
Stlth   ++........              c - amulet of regeneration
HPRegen 0.96/turn               d - +6 ring of strength
MPRegen 0.09/turn               (no ring)

@: no status effects
A: horns 2, retaliatory headbutt
a: no special abilities


You were on level 6 of the Dungeon.
You visited 1 branch of the dungeon, and saw 4 of its levels.

You collected 85 gold pieces.

Inventory:

Hand Weapons
 a - a +0 short sword
 e - a +3 dagger of venom (weapon)
 g - a +2 dagger of freezing
Armour
 b - a +0 robe (worn)
 q - a +0 buckler
Jewellery
 c - an amulet of regeneration (around neck)
 d - a +6 ring of strength (left hand)
 n - a ring of see invisible
Scrolls
 k - a scroll of noise {unknown}
 m - a scroll of silence {unknown}
Potions
 i - a potion of berserk rage {unknown}
 j - a potion of attraction {unknown}
 o - a potion of ambrosia {unknown}
 p - a potion of curing


   Skills:
 + Level 5.0 Fighting
 + Level 4.9 Short Blades
 + Level 4.6 Dodging
 - Level 1.5 Stealth
 * Level 1.4 Shields


You had 4 spell levels left.
You didn't know any spells.
Your spell library was empty.

Dungeon Overview and Level Annotations

Branches:
Dungeon (6/15)
 Temple: D:4-7

Altars:
Nemelex Xobeh

Shops:
D:1 !!


Innate Abilities, Weirdness & Mutations

You have a pair of horns on your head.
You reflexively headbutt those who attack you in melee.


Message History

The orc hits you with a +0 flail. The orc misses you. You furiously retaliate!
You headbutt the orc. The ice beast completely misses you.
The white imp gestures at you. The puff of frost hits you!
There is a stone staircase leading down here.
The white imp shouts, "Take thy face hence, thou qualling wibble-sucking clam!"
You hit the orc.
The orc is poisoned.
You headbutt the orc.
You kill the orc!
The hornet zombie barely misses you.
You hit the hornet zombie. Your headbutt misses the hornet zombie.
The hornet zombie is moderately damaged.
The hornet zombie barely misses you. You furiously retaliate!
You headbutt the hornet zombie. You hit the hornet zombie.
Your headbutt misses the hornet zombie.
The hornet zombie is heavily damaged.
The hornet zombie hits you.
You hit the hornet zombie but do no damage.
You headbutt the hornet zombie, but do no damage.
The hornet zombie is heavily damaged.
The ice beast hits you. The ice beast freezes you! The hornet zombie hits you!
You hit the hornet zombie but do no damage.
Your headbutt misses the hornet zombie.
The hornet zombie is heavily damaged.
The hornet zombie hits you!
* * * LOW HITPOINT WARNING * * *
The ice beast barely misses you.
As you read the scroll labelled LOP DAL GUIGI, it crumbles to dust.
The creatures around you are filled with an inner flame!
It was a scroll of immolation.
The hornet zombie hits you.
* * * LOW HITPOINT WARNING * * *
The ice beast hits you.
* * * LOW HITPOINT WARNING * * *
The ice beast freezes you.
* * * LOW HITPOINT WARNING * * *
It was a potion of curing.
You feel better. The hornet zombie misses you. The ice beast hits you.
* * * LOW HITPOINT WARNING * * *
The ice beast freezes you!
You die...

###############
#.5...T.o.....#
#o###########)#
#T# #.# #Y# #.#
#@# #.# #Z# #>#
#.# #T# #.# #o#
#.# #.#### #.#
#5.... #.#
#o..?. ###.#
#.####.....
#...#
#.......l..


You could see a troll (inner flame), an ice beast (inner flame), a white imp, an
orc (inner flame) and a hornet zombie (inner flame).

Vanquished Creatures
  A howler monkey (D:6)
  An orc priest (D:6)
  Terence (D:2)
  An orc wizard (D:6)
  2 adders
  2 worms (D:2)
  3 dart slugs
  6 orcs
  6 endoplasms
  A giant cockroach (D:3)
  4 hobgoblins
  2 quokkas
  2 ball pythons
  5 bats
  4 frilled lizards
  3 goblins
  7 kobolds
  5 rats
56 creatures vanquished.

Notes
Turn   | Place    | Note
-------+----------+-------------------------------------------
     0 | D:1      | BinkBink the Minotaur Monk began the quest for the Orb.
     0 | D:1      | Reached XP level 1. HP: 19/19 MP: 0/0
   210 | D:1      | Found Miukkoa's Distillery.
   242 | D:1      | Reached XP level 2. HP: 27/27 MP: 1/1
   324 | D:1      | Reached skill level 4 in Fighting
   535 | D:1      | Found Paysoav's Distillery.
   768 | D:2      | Reached XP level 3. HP: 23/33 MP: 2/2
   959 | D:2      | Found a faded altar of an unknown god.
  1049 | D:2      | Noticed Terence
  1056 | D:2      | Killed Terence
  1057 | D:2      | Reached XP level 4. HP: 36/41 MP: 3/3
  1874 | D:3      | Found a sparkling altar of Nemelex Xobeh.
  1908 | D:3      | You fall into a shaft and drop 3 floors!
  1913 | D:6      | Noticed a troll
  1946 | D:6      | Noticed an ogre
  2023 | D:6      | Reached XP level 5. HP: 35/47 MP: 4/4
  2025 | D:6      | Noticed an ice beast
  2031 | D:6      | Reached skill level 1 in Shields
  2043 | D:6      | Reached skill level 5 in Fighting
  2081 | D:6      | HP: 1/48 [ice beast (6)]
  2082 | D:6      | Slain by an ice beast

Illustrated notes

Levels and vault maps discovered:
D:1:      amcnicky_arrival_single_pillar, layout_basic, serial_shops,
          nicolae_shop_behind_doors, nicolae_diamond_shop
D:2:      layout_basic, hellmonk_ecumenical_altar_run_dry, minmay_quantized,
          uniq_terence
D:3:      layout_basic, mainiacjoe_overflow_boulevard,
          kennysheep_generic_room_12
D:6:      layout_basic, kennysheep_mini_moat, hangedman_ru_absence,
          serial_glass, glass_columns_a, glass_columns_a

Skill      XL: |  1  2  3  4  5 |
---------------+----------------+-----
Fighting       | 4 5 |  5.0
Short Blades   | 4 |  4.9
Dodging        | 4 |  4.6
Shields        | 1 |  1.4
Stealth        | |  1.5

Action                   |  1- 3 |  4- 6 || total
-------------------------+-------+-------++-------
Melee: Short sword       |    44 |    46 ||    90
       Headbutt          |    19 |    14 ||    33
       Dagger            |       |    18 ||    18
  Use: Scroll            |       |     3 ||     3
       Potion            |       |     1 ||     1
 Stab: Sleeping          |     5 |     6 ||    11
Armor: Robe              |     7 |     6 ||    13
Dodge: Dodged            |    20 |    37 ||    57

Table legend: (Time is in decaauts)
 A = Elapsed time spent in this place.
 B = Non-inter-level travel time spent in this place.
 C = Inter-level travel time spent in this place.
 D = Time resting spent in this place.
 E = Time spent auto-exploring this place.
 F = Levels seen in this place.
 G = Mean time per level.
                   A        B        C        D        E       F      G
               +--------+--------+--------+--------+--------+-----+--------+
         Total |   2067 |   2003 |     64 |      0 |   1506 |   4 |  516.8 |
       Dungeon |   2067 |   2003 |     64 |      0 |   1506 |   4 |  516.8 |
               +--------+--------+--------+--------+--------+-----+--------+

Top non-repeatable levels by time:
     D:2: 692 daAuts
     D:1: 620 daAuts
     D:3: 585 daAuts
     D:6: 168 daAuts
